[Event "Early-Titled-Tuesday-Blitz-January-23-2024"]
[Site "Chess.com"]
[Date "2024.01.23"]
[Round "3"]
[White "Witty_Alien"]
[Black "Grossboss19"]
[Result "0-1"]
[WhiteElo "2330"]
[BlackElo "2560"]
[TimeControl "180+1"]
[EndTime "8:28:29 PST"]
[Termination "Grossboss19 won by checkmate"]

1. e4 c6 2. d4 d5 3. Nd2 dxe4 4. Nxe4 Nd7 5. Ng5 Ngf6 6. Bd3 e6 7. N1f3 Bd6 8. O-O h6 9. Nxe6 fxe6 10. Bg6+ Kf8 11.
Re1 Nd5 12. c4 Ne7 13. Bc2 Nf6 14. a4 Kf7 15. a5 Rf8 16. a6 bxa6 17. Re3 Nf5 18.
Rd3 Kg8 19. Ne5 Bxe5 20. dxe5 Nd7 21. Qh5 Qe8 22. Qh3 Qf7 23. f4 Nc5 24. Rd1 Bb7 25.
b4 Nd7 26. Bxf5 exf5 27. Rd6 Rae8 28. Bb2 Re6 29. Rad1 Bc8 30. c5 Rfe8 31. Qd3 Rxd6 32. cxd6 Nb6 33. Qg3 Be6 34. h4 Nd5 35. Bd4 Kh7 36.
Bc5 Rb8 37. Ra1 Nxb4 38. Bxb4 Rxb4 39. Rxa6 Rb1+ 40. Kh2 Rb6 41. Ra2 c5 42. Rc2 c4 43.
Qe3 Qd7 44. Qc5 Qd8 45. Rd2 Qxh4+ 46. Kg1 Qe1+ 47. Kh2 Qh4+ 48. Kg1 Qe1+ 49. Kh2 Qxd2 50. d7 Qxd7 51. g4 fxg4 52. Kg3 Bf5 53. e6 Qd3+ 54. Kh4 Rxe6 55. Qe3 Qf1 56. Qxe6 Qh3# 0-1

[Event "Early-Titled-Tuesday-Blitz-January-23-2024"]
[Site "Chess.com"]
[Date "2024.01.23"]
[Round "3"]
[White "Juicy_Fork"]
[Black "Alexei_Gubajdullin"]
[Result "1-0"]
[WhiteElo "2430"]
[BlackElo "2577"]
[TimeControl "180+1"]
[EndTime "8:28:30 PST"]
[Termination "Juicy_Fork won on time"]

1. e4 e5 2. Nf3 Nf6 3. Nxe5 d6 4. Nf3 Nxe4 5. Nc3 Nxc3 6. dxc3 Be7 7. Be3 Nc6 8. Qd2 Be6 9. O-O-O Qd7 10. Bb5 a6 11. Ba4 b5 12. Bb3 Bxb3 13. cxb3 a5 14. Bg5 O-O 15.
h4 a4 16. b4 a3 17. b3 Rfe8 18. h5 Bf8 19. Nd4 Nxd4 20. Qxd4 Qf5 21. Be3 c5 22.
bxc5 dxc5 23. Qd5 Qf6 24. Kc2 Rad8 25. Qf3 Qe6 26. h6 gxh6 27. Rxd8 Rxd8 28. Rd1 Qg6+ 29. Kc1 Re8 30. Rd5 b4 31. Bd2 Bg7 32. Rd3 c4 33.
bxc4 bxc3 34. Bxc3 Bxc3 35. Rxc3 Re1+ 36. Kd2 Ra1 37. Qa8+ Kg7 38. Rg3 Rxa2+ 39. Kc3 Rc2+ 40. Kb3 Rxf2 41. Rxg6+ hxg6 42. Kxa3 h5 43. Qd5 Rc2 44. Qd3 Rc1 45. Kb2 Rh1 46. c5 h4 47. c6 Rh2 48.
Qd4+ Kh7 49. c7 1-0

[Event "Early-Titled-Tuesday-Blitz-January-23-2024"]
[Site "Chess.com"]
[Date "2024.01.23"]
[Round "3"]
[White "topce"]
[Black "JonasEilenberg"]
[Result "0-1"]
[WhiteElo "2372"]
[BlackElo "2570"]
[TimeControl "180+1"]
[EndTime "8:28:30 PST"]
[Termination "JonasEilenberg won by resignation"]

1. c4 e6 2. d4 d5 3. Nc3 a6 4.
cxd5 exd5 5. Bf4 Nf6 6. e3 c5 7. dxc5 Bxc5 8. Nf3 O-O 9. Bd3 Nc6 10. h3 h6 11. O-O Be6 12. Na4 Ba7 13. Rc1 Qe7 14. Ne5 Rac8 15. Nxc6 Rxc6 16. Rxc6 bxc6 17. Bxa6 Ne4 18. a3 c5 19. Bd3 Nf6 20. Nc3 Bb8 21.
Qf3 Qb7 22. Na4 Qc6 23. Nc3 Qb7 24. Rb1 Bxf4 25. Qxf4 Qb3 26. Qa4 Qb7 27. Qb5 Qc7 28. Na4 c4 29. Bc2 Rb8 30. Qc5 Qd7 31. Nc3 Rc8 32. Qd4 Qd6 33. e4 Qf4 34. Ne2 Qb8 35. exd5 Bxd5 36. Nc3 Ba8 37. Bf5 Qb7 38. f3 Re8 39.
Qxc4 Qb6+ 40. Kh2 Bxf3 41. Rf1 Bb7 42. b4 Qd6+ 43. Kg1 Qg3 44. Rf2 Re1+ 45. Qf1 Rxf1+ 46.
Kxf1 Qxc3 47. g4 Qc1+ 48. Ke2 Ba6+ 49. Kf3 Qc6+ 50. Kg3 Ne4+ 51. Kf3 Nxf2+ 52. Kxf2 g6 53. Bc2 Qxc2+ 54. Ke3 Qb3+ 55. Kd4 Qxa3 56. Kc5 Qc3+ 57. Kb6 Qxb4+ 58. Kxa6 Qc3 59. g5 Qxh3 60. gxh6 Qxh6 61. Kb6 g5+ 62. Kc7 g4 63. Kd8 g3 64. Ke7 g2 65.
Kd7 g1=Q 66. Ke7 Qe6+ 0-1

[Event "Early-Titled-Tuesday-Blitz-January-23-2024"]
[Site "Chess.com"]
[Date "2024.01.23"]
[Round "3"]
[White "chess123456s"]
[Black "Tsyhanchuk_Stanislav"]
[Result "1-0"]
[WhiteElo "2545"]
[BlackElo "2292"]
[TimeControl "180+1"]
[EndTime "8:28:32 PST"]
[Termination "chess123456s won by checkmate"]

1. e4 e6 2. d4 d5 3. Nc3 Bb4 4. e5 c5 5. a3 Bxc3+ 6. bxc3 Qc7 7. Qg4 f6 8. Nf3 Qf7 9. Bb5+ Kf8 10. a4 a6 11. Be2 c4 12. Ba3+ Ke8 13. exf6 Nxf6 14.
Qf4 Ne4 15. Qe3 b5 16. Ne5 Qf6 17. h4 Nd7 18. Nxd7 Bxd7 19. Bf3 Bc6 20. Bxe4 dxe4 21. Bc5 Kd7 22. g3 bxa4 23. O-O Qf3 24. Qg5 Qf6 25. Qe3 Qf3 26. Qg5 Qf6 27. Qg4 h5 28. Qh3 Qf5 29. Qh2 g5 30. hxg5 Qxg5 31. Rfe1 h4 32. Re3 Rag8 33.
g4 Qxg4+ 34. Kh1 Bd5 35. Rb1 Rb8 36. Rxb8 Rxb8 37. Qxb8 Qd1+ 38. Kh2 Qxc2 39. Qd6+ Kc8 40. Qxa6+ Kd7 41. Qd6+ Kc8 42. Qf8+ Kb7 43. Re1 e3 44.
Rxe3 Qd1 45. Qe7+ Kc6 46. Qd6+ Kb7 47. Qb6+ Kc8 48. Qa6+ Kd7 49. Qa7+ Kc6 50. Qb6+ Kd7 51. Qd6+ Kc8 52. Qf8+ Kb7 53. Qg7+ Kc6 54. Qg1 Qd2 55. Qe1 Qc2 56. Rxe6+ Bxe6 57. Qxe6+ Kb5 58. Qb6# 1-0

[Event "Early-Titled-Tuesday-Blitz-January-23-2024"]
[Site "Chess.com"]
[Date "2024.01.23"]
[Round "3"]
[White "SirStrateg"]
[Black "Yurasova_Daria"]
[Result "1-0"]
[WhiteElo "2628"]
[BlackElo "2437"]
[TimeControl "180+1"]
[EndTime "8:28:33 PST"]
[Termination "SirStrateg won by checkmate"]

1. d4 d5 2. Bf4 Nf6 3. e3 Bf5 4.
c4 e6 5. Nc3 c5 6. Nf3 Nc6 7.
dxc5 Bxc5 8. cxd5 exd5 9. Bd3 Bg4 10. O-O O-O 11. h3 Bh5 12. Rc1 Bb6 13. Na4 Re8 14. Nxb6 Qxb6 15. Qb3 Qxb3 16. axb3 a6 17. g4 Bg6 18.
Be2 d4 19. Rxc6 bxc6 20. Nxd4 Be4 21. Ra1 Bd5 22. b4 h6 23. h4 Ne4 24. g5 hxg5 25.
hxg5 Nd2 26. f3 Bc4 27. Bd1 Bd5 28. Kf2 Nc4 29. b3 Ne5 30. Be2 Ng6 31. Bg3 Nf8 32. Rxa6 Rxa6 33. Bxa6 Ne6 34. Nxe6 Bxe6 35. Bc4 Ra8 36. Bd6 Ra2+ 37. Kg3 Rb2 38. e4 g6 39. Kf4 Rb1 40. Bc5 Rc1 41. Ba6 Bxb3 42. Bb7 Be6 43. Bxc6 Rb1 44. Ke5 Bc4 45. f4 Bd3 46. Bd5 Re1 47.
f5 gxf5 48. g6 Kg7 49. gxf7 Bxe4 50. f8=Q+ Kg6 51. Qf6+ Kh5 52. Bxe4 Rxe4+ 53. Kxf5 Rg4 54. Qh8# 1-0

[Event "Early-Titled-Tuesday-Blitz-January-23-2024"]
[Site "Chess.com"]
[Date "2024.01.23"]
[Round "3"]
[White "SARGISMV"]
[Black "mertfelin"]
[Result "0-1"]
[WhiteElo "2462"]
[BlackElo "2272"]
[TimeControl "180+1"]
[EndTime "8:28:34 PST"]
[Termination "mertfelin won by resignation"]

1. d4 d5 2. c4 e6 3. Nc3 Nf6 4. cxd5 exd5 5. Bg5 c6 6. e3 h6 7. Bf4 Bd6 8. Bd3 Bxf4 9. exf4 O-O 10. Nf3 Re8+ 11.
Kf1 Ne4 12. Qc2 Bf5 13. h3 Nd7 14. g4 Nxc3 15. Bxf5 Nb5 16. Kg2 Nd6 17. Bh7+ Kh8 18. Bd3 Qf6 19. Ne5 Nf8 20. Kg3 Ne6 21. Qd2 Nxd4 22.
Rae1 Ne6 23. h4 Rad8 24. g5 Qe7 25. f3 Nf8 26. f5 Qc7 27. f4 Nc4 28. Bxc4 dxc4 29.
Qc2 b5 30. Kg4 Rd4 31. Qc3 Qd6 32. Re3 Rxe5 33. Rhe1 Rxe3 34. Qxe3 h5+ 35. Kxh5 Qxf4 36. Qxf4 Rxf4 37. Re8 Kg8 38. g6 Rf2 39. Kg5 f6+ 40.
Kg4 Rxb2 41. Rc8 c3 42. h5 Rh2 43. h6 Rxh6 44. Rxc6 Rh2 45. Rxc3 Rxa2 46. Rc7 Ra4+ 47. Kf3 a5 48. Ke3 b4 49. Kd4 Ra3 50. Kd5 b3 51. Kd6 a4 52. Rb7 Ra2 53. Ke7 Re2+ 54. Kd6 b2 55.
Rb8 a3 56. Rb3 a2 57. Rb8 b1=Q 58. Rxf8+ Kxf8 59. Kc7 Rc2+ 0-1

[Event "Early-Titled-Tuesday-Blitz-January-23-2024"]
[Site "Chess.com"]
[Date "2024.01.23"]
[Round "3"]
[White "Fandorine"]
[Black "Druid24"]
[Result "1-0"]
[WhiteElo "2977"]
[BlackElo "2698"]
[TimeControl "180+1"]
[EndTime "8:28:35 PST"]
[Termination "Fandorine won by resignation"]

1. d4 Nf6 2. Nf3 e6 3. Bg5 d5 4. Nbd2 Be7 5. e3 Nbd7 6. Bd3 h6 7. Bh4 b6 8. c3 Bb7 9. Qe2 O-O 10. O-O c5 11.
Ne5 Nxe5 12. dxe5 Ne4 13. Bxe7 Qxe7 14. f4 Nxd2 15. Qxd2 f6 16. Bc2 Ba6 17. exf6 Qxf6 18. Rf3 Rad8 19. Rd1 e5 20. fxe5 Qxe5 21. Qf2 Rxf3 22.
Qxf3 Rf8 23. Bh7+ Kxh7 24. Qxf8 Qxe3+ 25. Qf2 Qe4 26. Qd2 Bb7 27. Qd3 Qxd3 28. Rxd3 Kg6 29.
Kf2 Kf5 30. Rf3+ Ke6 31. Rf8 d4 32. cxd4 cxd4 33. Rd8 Bd5 34. a3 b5 35. g3 a5 36. Ke2 Bc4+ 37. Kd2 d3 38. b4 axb4 39. axb4 Kf6 40. Ke3 Kf5 41. Rd4 h5 42. Rf4+ Ke5 43. h3 g6 44. Rf8 Ke6 45. g4 hxg4 46. hxg4 Ke7 47. Rf4 Be6 48. Kxd3 g5 49. Rd4 Kf6 50. Ke3 Ke5 51. Re4+ Kd5 52. Rxe6 Kxe6 53. Ke4 Kd6 54. Kf5 Kd5 55. Kxg5 Kc4 56. Kf4 Kxb4 57. g5 Kc3 58. g6 b4 59. g7 b3 60. g8=Q b2 61. Qg6 1-0

[Event "Early-Titled-Tuesday-Blitz-January-23-2024"]
[Site "Chess.com"]
[Date "2024.01.23"]
[Round "3"]
[White "dennisodessa"]
[Black "inneremptiness"]
[Result "0-1"]
[WhiteElo "2632"]
[BlackElo "2894"]
[TimeControl "180+1"]
[EndTime "8:28:36 PST"]
[Termination "inneremptiness won on time"]

1. d4 Nf6 2. c4 g6 3. Nc3 Bg7 4. e4 d6 5. f3 O-O 6. Be3 c5 7. dxc5 dxc5 8. Qxd8 Rxd8 9. Bxc5 Nc6 10.
Nge2 Be6 11. Nd5 Rd7 12. Nec3 Rc8 13. O-O-O b6 14. Ba3 Ne8 15. b3 f5 16. exf5 Bxf5 17.
Bd3 e6 18. Bxf5 gxf5 19. Ne7+ Rxe7 20. Bxe7 Nxe7 21. Rd7 Kf8 22. Nb5 a6 23. Nd6 Nxd6 24. Rxd6 Rc6 25. Rhd1 Be5 26. Rxc6 Nxc6 27. Rd7 Bxh2 28.
Rxh7 Bf4+ 29. Kb1 a5 30. Rb7 Be3 31. a3 Bc5 32. Ka2 Ke8 33. g4 fxg4 34. fxg4 Nd8 35.
Rb8 e5 36. g5 e4 37. g6 Bd4 38. Kb1 Ke7 39. g7 Bxg7 40. Rxb6 Bd4 41. Rb5 Nc6 42. b4 a4 43. Kc2 Ke6 44. Rh5 Be3 45.
Kc3 Ne5 46. b5 Bc1 47. b6 e3 48. b7 Nd7 49. Rh1 Bxa3 0-1

[Event "Early-Titled-Tuesday-Blitz-January-23-2024"]
[Site "Chess.com"]
[Date "2024.01.23"]
[Round "3"]
[White "tolia123"]
[Black "Statham_01"]
[Result "1/2-1/2"]
[WhiteElo "2106"]
[BlackElo "2526"]
[TimeControl "180+1"]
[EndTime "8:28:36 PST"]
[Termination "Game drawn by repetition"]

1. e4 e5 2. Nf3 Nf6 3. Nxe5 Nc6 4. Nxc6 dxc6 5. d3 Bc5 6. Be2 h5 7. Nc3 Ng4 8. O-O Qh4 9. Bxg4 hxg4 10. Bf4 Be6 11. Bg3 Qh5 12. d4 O-O-O 13. Ne2 g5 14. c3 f5 15. exf5 Bd6 16. fxe6 Bxg3 17. fxg3 Qxh2+ 18.
Kf2 Rdf8+ 19. Ke1 Qxg2 20. Kd2 Re8 21. Rf6 Rh2 22. Qf1 Qe4 23. Re1 b6 24. Rf8 Qxe6 25. Qf5 Kb7 26. Qxe6 Rxe6 27. Rf5 Rg6 28. Kc1 a5 29. c4 a4 30. Nc3 a3 31. bxa3 Rg2 32.
Ne4 Rh6 33. Rf2 Rhh2 34. Rxg2 Rxg2 35. Re3 Rxa2 36. Nxg5 b5 37. cxb5 cxb5 38. Ne6 Kb6 39. Nc5 Rg2 40. Re6+ c6 41. Re3 Ka5 42. Kb1 b4 43. axb4+ Kxb4 44. Ne6 Kc4 45. Ra3 Kb4 46. Re3 Kc4 47. Kc1 Kd5 48. Nf4+ Kxd4 49. Nxg2 c5 50. Kc2 c4 51. Rc3 Ke4 52. Ne3 Kf3 53. Nxc4+ Kg2 54. Ne5 Kh3 55. Nxg4 Kxg4 56. Kd2 Kg5 57. Ke2 Kf5 58. Kf2 Kg5 59. Kg2 Kf5 60. Kf2 Kg5 61. Kg2 Kf5 62. Kf2 1/2-1/2

[Event "Early-Titled-Tuesday-Blitz-January-23-2024"]
[Site "Chess.com"]
[Date "2024.01.23"]
[Round "3"]
[White "GHANDEEVAM2003"]
[Black "MightyGMpretender"]
[Result "1-0"]
[WhiteElo "3031"]
[BlackElo "2745"]
[TimeControl "180+1"]
[EndTime "8:28:37 PST"]
[Termination "GHANDEEVAM2003 won on time"]

1. Nf3 Nf6 2. c4 c5 3. Nc3 d5 4. cxd5 Nxd5 5. e3 e6 6. d4 cxd4 7. exd4 Be7 8. Bd3 Nc6 9. O-O O-O 10. Qe2 Bf6 11. Rd1 Nce7 12. Ne4 Bd7 13. Ne5 Bc6 14. Nxf6+ Nxf6 15. Bg5 Ng6 16. Nxc6 bxc6 17. Rac1 Qd6 18. h4 Nf4 19. Qe5 Qxe5 20. dxe5 N6d5 21. Bf1 Rfc8 22. g3 Ng6 23. Re1 h6 24. Bd2 a5 25. Rc5 a4 26. Rec1 Rcb8 27. R1c2 Nge7 28. a3 Nf5 29. R5c4 Rb6 30. Bg2 Nfe7 31. h5 Rb3 32.
Bc1 Rd3 33. Be4 Rb3 34. Kg2 Kf8 35. Re2 Ke8 36. Bc2 Rb7 37. Bxa4 Ra6 38. Bc2 Nb6 39. Rg4 Kf8 40. Bd3 Ra8 41. Be3 Nbd5 42. Bc5 Kg8 43. a4 Rab8 44. Ba3 Ra8 45. Rc2 Rab8 46. a5 Ra8 47. a6 Rbb8 48. Ra4 Nb6 49. Ra5 Nbd5 50. Bc5 Rb3 51. Bc4 Rbb8 52. b3 Nf5 53. a7 Rb7 54. Rca2 Rd7 55. Ra6 Nde7 56. Rb6 1-0

[Event "Early-Titled-Tuesday-Blitz-January-23-2024"]
[Site "Chess.com"]
[Date "2024.01.23"]
[Round "3"]
[White "MITerryble"]
[Black "Flawless_Fighter"]
[Result "1-0"]
[WhiteElo "3006"]
[BlackElo "2717"]
[TimeControl "180+1"]
[EndTime "8:28:38 PST"]
[Termination "MITerryble won by resignation"]

1. d4 Nf6 2. Bg5 d5 3. e3 c5 4. c3 Nc6 5. Nf3 Bf5 6. Nbd2 e6 7. Qb3 Qb6 8. Nh4 Bg6 9. Nxg6 hxg6 10. Bf4 Be7 11.
h3 Rc8 12. Qxb6 axb6 13. Bb5 Nd7 14. Nf3 f6 15. c4 Na7 16. Bxd7+ Kxd7 17. cxd5 exd5 18.
dxc5 bxc5 19. O-O-O Ke6 20. Rhe1 f5 21. Rd2 Nc6 22.
Red1 Rhd8 23. Kb1 Bf6 24. Rg1 b5 25. g4 b4 26. gxf5+ gxf5 27. Ng5+ Ke7 28. Nh7 Rd7 29.
Rdd1 Rh8 30. Nxf6 Kxf6 31. Rg3 d4 32. Rdg1 Ne7 33. exd4 cxd4 34. h4 g6 35. Re1 Kf7 36.
Bg5 Nd5 37. Rd3 Nf6 38. f3 Nh7 39. Bf4 Nf6 40. Bg5 Nh7 41. Bd2 Nf6 42. Rh1 Rb8 43.
Rc1 Rh8 44. Be1 Re8 45. Bxb4 Re2 46. Rcd1 Rb7 47. R3d2 d3 48. Ba5 Rb5 49. Bc3 Nd5 50. Bd4 Rxd2 51. Rxd2 Nf4 52. Be3 Ne2 53. Rxd3 Ng3 54.
a4 Rb4 55. a5 Rxh4 56. a6 Ra4 57. Ra3 Rxa3 58. bxa3 f4 59. Bf2 Ne2 60. a7 Nc3+ 61. Kc2 Nd5 62. a8=Q 1-0

[Event "Early-Titled-Tuesday-Blitz-January-23-2024"]
[Site "Chess.com"]
[Date "2024.01.23"]
[Round "3"]
[White "crazy_m_attack"]
[Black "Iskusnyh"]
[Result "0-1"]
[WhiteElo "2469"]
[BlackElo "2650"]
[TimeControl "180+1"]
[EndTime "8:28:38 PST"]
[Termination "Iskusnyh won on time"]

1. e4 e6 2. d4 d5 3. Nc3 Nf6 4. e5 Nfd7 5. Nce2 c5 6. c3 Nc6 7. Nf3 f6 8. Nf4 Ndxe5 9. dxe5 fxe5 10. Nh3 e4 11. Be2 exf3 12. Bxf3 Bd6 13. Bh5+ g6 14. Be2 O-O 15. Bh6 Rf7 16. Ng5 Rf5 17. h4 Ne5 18.
Qd2 Bd7 19. Rf1 c4 20. f4 Nf7 21. Nxf7 Qxh4+ 22. Kd1 Rxf7 23. Bg5 Qg3 24. Kc2 Qxg2 25. Rae1 Raf8 26. Kc1 Qg3 27. Rg1 Qxg5 28. fxg5 Bf4 29.
Bg4 Bxd2+ 30. Kxd2 Re7 31. Re5 Rf4 32. Ke3 Rff7 33.
Re1 Kg7 34. Kd2 h6 35. gxh6+ Kxh6 36. Bxe6 Bxe6 37. Rxe6 Rxe6 38. Rxe6 Rf2+ 39. Kc1 Rf1+ 40. Kc2 Rf7 41. Re5 g5 42. b3 cxb3+ 43. axb3 g4 44. Kd2 g3 45. Re3 Rg7 46. Re1 g2 47. Rg1 Rg3 48.
c4 dxc4 49. bxc4 Kg5 50. Ke2 Kg4 51. Kf2 Kh3 52. c5 Kh2 53. c6 bxc6 0-1

[Event "Early-Titled-Tuesday-Blitz-January-23-2024"]
[Site "Chess.com"]
[Date "2024.01.23"]
[Round "3"]
[White "LyonBeast"]
[Black "Mops_2004"]
[Result "1/2-1/2"]
[WhiteElo "3153"]
[BlackElo "2834"]
[TimeControl "180+1"]
[EndTime "8:28:40 PST"]
[Termination "Game drawn - insufficient material"]

1. e4 c6 2. d4 d5 3. e5 Bf5 4. Nf3 e6 5. Be2 Nd7 6. O-O a5 7. Re1 a4 8. a3 h6 9. c4 dxc4 10. Bxc4 Ne7 11. Nc3 Nb6 12. Ba2 Ned5 13. Ne4 Be7 14.
Bd2 O-O 15. Rc1 Nd7 16. Nc5 Nxc5 17. dxc5 Bg6 18. h3 b6 19. Bxd5 Qxd5 20. cxb6 Qb5 21.
Nd4 Qxb2 22. Nxc6 Bxa3 23. Be3 Qb3 24. Ra1 Be4 25. Qg4 Bf5 26. Qg3 Bb2 27. Rad1 a3 28.
Rd7 a2 29. b7 a1=Q 30. Rxa1 Rxa1+ 31. Kh2 Be4 32. Nd8 Bxb7 33. Nxb7 Qc3 34. f4 Qe1 35.
Qxe1 Rxe1 36. Bc5 Ra8 37. Nd6 Raa1 38. Rd8+ Kh7 39. Nxf7 Bc1 40. Rd4 Rf1 41. Kg3 Ra2 42. Rc4 Bd2 43. Nd8 Be1+ 44. Kh2 Ra6 45. Be3 Ba5 46.
Nc6 Re1 47. Bf2 Re2 48. Bg3 Bd2 49. Nd4 Re4 50. Rc6 Rxc6 51. Nxc6 Bxf4 52. Bxf4 Rxf4 53. Nd8 Re4 54. Nxe6 Rxe5 55. Nd4 Re4 56. Nf3 Re6 57. g4 Rf6 58. Kg3 g5 59. h4 Rxf3+ 60. Kxf3 gxh4 61.
Kg2 Kg6 62. Kh2 Kg5 63. Kh3 h5 64. gxh5 Kxh5 65. Kh2 Kg4 66. Kg2 h3+ 67. Kh2 Kh4 68. Kh1 h2 69. Kxh2 1/2-1/2

[Event "Early-Titled-Tuesday-Blitz-January-23-2024"]
[Site "Chess.com"]
[Date "2024.01.23"]
[Round "3"]
[White "Aygehovit1992"]
[Black "Sanan_Sjugirov"]
[Result "0-1"]
[WhiteElo "2716"]
[BlackElo "3002"]
[TimeControl "180+1"]
[EndTime "8:28:40 PST"]
[Termination "Sanan_Sjugirov won by resignation"]

1. e4 c5 2. Nc3 d6 3. f4 Nc6 4.
Nf3 Nf6 5. Bb5 Bd7 6. Bxc6 Bxc6 7. d3 e6 8. O-O Be7 9. Qe1 h6 10.
Bd2 Qc7 11. e5 Nd5 12. Ne4 dxe5 13. fxe5 O-O-O 14. a3 g5 15. b4 g4 16. Nd6+ Rxd6 17. exd6 Bxd6 18. bxc5 Bxc5+ 19. d4 Bb6 20. Nh4 Bxd4+ 21.
Kh1 Bxa1 22. Qxa1 Rd8 23. Bxh6 Qe7 24. c4 Nb6 25. Qe1 Nxc4 26. Bf4 Qc5 27. Qc3 Qd4 28.
Qg3 Qd3 29. Qxd3 Rxd3 30. a4 Bxa4 31. Bg3 Bc6 32. Kg1 f5 33. Ng6 Ne3 34. Re1 Rd1 35.
Rxd1 Nxd1 36. Be5 Kd7 37. Bd4 a5 38. Kf1 b5 39. Ke1 Bxg2 40. Kxd1 b4 41. Kc2 a4 42.
Ne5+ Kd6 43. Nf7+ Kd5 44. Bg7 Be4+ 45. Kc1 a3 46. Ng5 Bd3 47. Nh7 Ke4 48. Nf6+ Ke3 49. Nd7 f4 50. Nc5 f3 51. Bh6+ Ke2 52. Nb3 f2 53.
Nd4+ Kf1 54. Kd2 Kg2 55. Kxd3 f1=Q+ 56. Ke3 a2 0-1

[Event "Early-Titled-Tuesday-Blitz-January-23-2024"]
[Site "Chess.com"]
[Date "2024.01.23"]
[Round "3"]
[White "Crazy_girl99"]
[Black "m_ezat"]
[Result "1/2-1/2"]
[WhiteElo "2619"]
[BlackElo "2445"]
[TimeControl "180+1"]
[EndTime "8:28:40 PST"]
[Termination "Game drawn by repetition"]

1. e4 e5 2. Nf3 Nc6 3. Bc4 Nf6 4. d3 h6 5. Nc3 Bb4 6. Bd2 Bxc3 7. Bxc3 d5 8. exd5 Nxd5 9. Bxe5 O-O 10. O-O Bg4 11.
Bg3 Nd4 12. c3 Nxf3+ 13. gxf3 Bh5 14. Re1 Nb6 15. Bb3 Qf6 16. Qd2 Bxf3 17. Re3 Bc6 18. Rae1 Rfe8 19. Rxe8+ Rxe8 20. Rxe8+ Bxe8 21. Bxc7 Bc6 22. Qf4 Qg6+ 23. Qg3 Qh5 24. Be5 Qg5 25. Qxg5 hxg5 26.
c4 Nd7 27. Bd6 Bf3 28. d4 Nf6 29. d5 Ne4 30. Bb4 b6 31. d6 Kf8 32. Ba4 Nc5 33.
Bc2 Ke8 34. Bc3 f6 35. b4 Be4 36. Bd1 Nb7 37. Ba4+ Kd8 38. c5 bxc5 39. bxc5 Nxc5 40.
Ba5+ Kc8 41. Be8 Bf5 42. f3 Bd7 43. Bg6 Be6 44. Bb4 Nb7 45. Be8 Bd7 46. Bf7 Bc6 47.
Be6+ Kd8 48. Kf2 a5 49. Ba3 Bd7 50. Bd5 Kc8 51. Ke3 Nd8 52. Kd4 Be6 53. Be4 Kd7 54.
Kc5 Bxa2 55. Kb6 a4 56. Bd3 Bd5 57. Bb5+ Bc6 58. Bd3 Bd5 59. Bb5+ Bc6 60. Bd3 Bd5 1/2-1/2

[Event "Early-Titled-Tuesday-Blitz-January-23-2024"]
[Site "Chess.com"]
[Date "2024.01.23"]
[Round "3"]
[White "emeli_chess"]
[Black "mary-sanna"]
[Result "1-0"]
[WhiteElo "2425"]
[BlackElo "2194"]
[TimeControl "180+1"]
[EndTime "8:28:40 PST"]
[Termination "emeli_chess won by resignation"]

1. d4 d5 2. c4 e6 3. Nc3 Nf6 4. cxd5 exd5 5. Bg5 c6 6. Qc2 Be7 7. e3 O-O 8. Bd3 h6 9. Bh4 Nbd7 10. Nf3 Re8 11. O-O Nh5 12. Bxe7 Qxe7 13. Rab1 a5 14. a3 Nhf6 15. b4 axb4 16. axb4 Ne4 17. Bxe4 dxe4 18.
Nd2 Nf6 19. Ne2 Bf5 20. Qc5 Bg6 21. Qxe7 Rxe7 22. Nc4 Ra2 23. Nf4 Bf5 24. Rb2 Rxb2 25. Nxb2 g5 26. Ne2 Nd5 27. Nc4 b5 28. Ne5 Nxb4 29.
Rb1 c5 30. g4 Bc8 31. h3 cxd4 32. Nxd4 Rxe5 33. Rxb4 Bd7 34. Nb3 f5 35. gxf5 Bxf5 36. Kg2 Kf7 37. Kg3 h5 38. Nd4 h4+ 39. Kg2 Bd7 40.
Nb3 Rd5 41. Rxe4 Rd3 42. Nd4 Rxd4 43. Rxd4 Bc6+ 44. f3 Ke6 45. Kf2 Ke5 46. f4+ gxf4 47. Rxf4 Be4 48. Rxh4 b4 49. Rh8 Bf5 50. Rb8 Bxh3 51.
Rxb4 Be6 52. Kf3 Bd5+ 53. e4 Be6 54. Rb5+ Kd4 55. Kf4 Bc4 56. Rb4 Kc5 57. Rxc4+ Kxc4 58. e5 Kd5 59. Kf5 Kc6 60. Kf6 Kd7 61. Kf7 Kd8 62.
e6 1-0

[Event "Early-Titled-Tuesday-Blitz-January-23-2024"]
[Site "Chess.com"]
[Date "2024.01.23"]
[Round "3"]
[White "gmcorrales"]
[Black "Goryachkina"]
[Result "0-1"]
[WhiteElo "2929"]
[BlackElo "2700"]
[TimeControl "180+1"]
[EndTime "8:28:41 PST"]
[Termination "Goryachkina won by resignation"]

1. d4 Nf6 2. c4 e6 3. Nc3 Bb4 4. Qc2 d5 5. a3 Bxc3+ 6. Qxc3 O-O 7. Bg5 h6 8. Bxf6 Qxf6 9. cxd5 exd5 10. e3 c6 11. Bd3 Bf5 12. Nf3 Nd7 13. O-O Rfe8 14. b4 Bxd3 15. Qxd3 a6 16. a4 Qd6 17. b5 cxb5 18.
axb5 a5 19. g3 Nb6 20. Ne5 Rec8 21. Rfc1 Rxc1+ 22. Rxc1 a4 23. h4 a3 24. Ra1 f6 25.
Qg6 Qf8 26. Ng4 Kh8 27. Nh2 a2 28. Qc2 Qa3 29. h5 Nc4 30. Nf3 Qb2 31. Qxb2 Nxb2 32. Nd2 Nd3 33. Nb3 Nb4 34. Nc1 Ra5 35. Kf1 Rxb5 36. Ke2 Ra5 37. Kd2 Ra3 38. Ne2 Rb3 39. Kc1 Kg8 40. g4 Kf7 41. Nf4 b5 42. Ne2 Ke6 43.
Nf4+ Kd6 44. Ne2 Kc6 45. Ng3 Kd6 46. Nf5+ Kc6 47. Nxg7 Kb6 48. Nf5 Ka5 49. Nxh6 Ka4 50. Nf5 Ka3 51. h6 Rc3+ 52. Kd1 Kb2 53. Rxa2+ Nxa2 54. Ke2 Rc2+ 55. Kf3 Rc8 56. Kg3 b4 57. Ne7 Rh8 58. Nxd5 b3 59. Nxf6 Rxh6 60. g5 Rh1 61.
Ng4 Kc2 62. g6 Rh8 63. Nf6 b2 64. g7 Rb8 65. Nd7 Rg8 66. Kf4 Rxg7 67. e4 b1=Q 68.
Nc5 Rf7+ 69. Ke5 Rxf2 70. Ne6 Nc3 71. d5 Qb8+ 72. d6 Nb5 73. Nc7 Nxc7 0-1

[Event "Early-Titled-Tuesday-Blitz-January-23-2024"]
[Site "Chess.com"]
[Date "2024.01.23"]
[Round "3"]
[White "Mistango"]
[Black "Elsa167"]
[Result "0-1"]
[WhiteElo "2525"]
[BlackElo "2908"]
[TimeControl "180+1"]
[EndTime "8:28:41 PST"]
[Termination "Elsa167 won on time"]

1. e4 e6 2. d4 d5 3. Nc3 Bb4 4. Qd3 Ne7 5. Ne2 O-O 6. Bd2 b6 7. O-O-O Ba6 8. Qg3 Nbc6 9. exd5 Nxd5 10. Nxd5 Bxd2+ 11. Rxd2 exd5 12. Nf4 Bxf1 13. Rxf1 Re8 14. c3 Qd6 15. Qf3 Re4 16. g3 Rae8 17. Re2 Na5 18. Rfe1 f5 19. Rxe4 fxe4 20. Qh5 Rd8 21. Qf5 g6 22.
Qe6+ Qxe6 23. Nxe6 Rd7 24. b3 Nb7 25. Kd2 Nd6 26.
Nf4 c6 27. h4 Rf7 28. Ke3 Kg7 29. Rc1 h6 30. Nh3 Rf3+ 31. Ke2 Nb5 32. c4 Nxd4+ 33. Kf1 Nf5 34. Kg2 Rd3 35. Nf4 Rd2 36. cxd5 cxd5 37.
Rc7+ Kf6 38. Rxa7 g5 39. hxg5+ hxg5 40. Nh5+ Kg6 41. g4 Nh4+ 42. Kg1 Rd1+ 43. Kh2 Nf3+ 44. Kg3 Rg1+ 45. Kh3 Rh1+ 46. Kg2 Rg1+ 47. Kh3 d4 48. Rg7+ Kh6 49. Rb7 d3 50. Rxb6+ Kh7 51. Rb7+ Kg6 52. Rb6+ Kf7 53. Rb7+ Ke6 54. Ng7+ Kd5 55. Nf5 d2 56. Ne3+ Kc6 57. Re7 Re1 58. Rf7 Rxe3 0-1

[Event "Early-Titled-Tuesday-Blitz-January-23-2024"]
[Site "Chess.com"]
[Date "2024.01.23"]
[Round "3"]
[White "agvega14"]
[Black "Baronessa08"]
[Result "0-1"]
[WhiteElo "2162"]
[BlackElo "2540"]
[TimeControl "180+1"]
[EndTime "8:28:42 PST"]
[Termination "Baronessa08 won on time"]

1. e4 c5 2. Nf3 Nc6 3. c3 Nf6 4. e5 Nd5 5. Bc4 e6 6. O-O d6 7.
d4 cxd4 8. cxd4 Be7 9. Nc3 Nxc3 10. bxc3 dxe5 11. Bb5 exd4 12. cxd4 O-O 13. Re1 Qd5 14. Bxc6 Qxc6 15. d5 Qa6 16. Bb2 Rd8 17. Qb3 Rxd5 18.
Rad1 Rxd1 19. Rxd1 Qc6 20. Ne5 Qe8 21. Ng4 f6 22.
Qg3 Kh8 23. Qc7 h5 24. Ne3 e5 25. Nd5 Bd8 26. Qc3 Bg4 27. f3 Rc8 28. Qd2 Be6 29. Qd3 Bxd5 30. Qxd5 Bb6+ 31. Kh1 Rd8 32. Qb3 Rxd1+ 33.
Qxd1 Qb5 34. Qc1 Qd3 35. h3 Kh7 36. a4 Qe3 37. Qc2+ e4 38. Qxe4+ Qxe4 39. fxe4 Kg6 40. g3 Kg5 41. Kg2 h4 42. Bc1+ Kh5 43. g4+ Kg6 44.
Kf3 Kf7 45. Bf4 g5 46. Bb8 Ke6 47. Ke2 Bc5 48. Kd3 a6 49. Kc4 Bd6 50. Ba7 Bg3 51.
Kd3 Bc7 52. Kc4 b6 53. Kd3 Kd7 54. Kc4 Kc6 55. a5 b5+ 56. Kd3 Bxa5 57. Bb8 Bd8 0-1